 Dungeon Crawl Stone Soup version 0.29.1-2-gbd0b4ee654 (webtiles) character file.

Game seed: 12766486475164106718

200 wingedge the Digger (level 6, -7/49 HPs)
             Began as a Meteoran Earth Elementalist on Nov 19, 2022.
             Mangled by a gnoll
             ... wielding a +0 spear
              (8 damage)
             ... on level 3 of the Dungeon.
             The game lasted 00:04:47 (1356 turns).

wingedge the Digger (Meteoran Earth Elementalist)   Turns: 1356, Time: 00:04:48

Health: -7/49      AC:  2    Str:  9    XL:     6   Next: 29%
Magic:  3/11       EV: 12    Int: 19    God:
Gold:   41         SH:  0    Dex: 15    Spells: 7/11 levels left

rFire   . . .      SeeInvis .   e - staff of conjuration
rCold   . . .      Faith    .   (no shield)
rNeg    . . .      Spirit   .   a - +0 robe
rPois   .          Reflect  .   (no helmet)
rElec   .          Harm     .   (no cloak)
rCorr   .          Rampage  .   (no gloves)
Will    .....                   (no boots)
Stlth   +.........              (no amulet)
HPRegen 0.16/turn               (no ring)
MPRegen 0.12/turn               (no ring)

@: glowing
A: sense surroundings 1, otherworldly, glowing, explore regen
a: no special abilities


You were on level 3 of the Dungeon.
You visited 1 branch of the dungeon, and saw 3 of its levels.

You collected 41 gold pieces.

Inventory:

Missiles
 c - 2 silver javelins
 l - 3 javelins
Armour
 a - a +0 robe (worn)
Magical Staves
 e - a staff of conjuration (weapon)
Jewellery
 h - a ring of positive energy
Scrolls
 d - a scroll of poison {unknown}
 f - 3 scrolls of teleportation {unknown}
 i - 2 scrolls of identify {unknown}
 j - a scroll of enchant weapon {unknown}
 k - 2 scrolls of acquirement {unknown}
Potions
 b - a potion of magic
 g - 2 potions of heal wounds {unknown}
 m - a potion of attraction {unknown}
 n - a potion of degeneration {unknown}
 o - a potion of flight {unknown}


   Skills:
 + Level 2.3 Fighting
 - Level 2.4 Dodging
 - Level 1.4 Stealth
 - Level 3.0 Spellcasting
 - Level 3.0 Conjurations
 - Level 1.2 Transmutations
 - Level 6.0 Earth Magic


You had 7 spell levels left.
You knew the following spells:

 Your Spells              Type           Power      Damage    Failure   Level
a - Sandblast             Erth           50%        2d12      1%          1
b - Stone Arrow           Conj/Erth      58%        3d10      7%          3

Your spell library contained the following spells:

 Spells                   Type           Power      Damage    Failure   Level
 Passwall                 Tmut/Erth      13%        N/A       5%          2
 Petrify                  Tmut/Erth      16%        N/A       34%         4


Dungeon Overview and Level Annotations

Branches:
Dungeon (3/15) Zot: 415

Altars:


Innate Abilities, Weirdness & Mutations

You passively map a small area around you.
You are easily found by Zot.
You glow in the dark.
You regain HP and MP as you explore.


Message History

You hit the orc but do no damage.
The orc is severely wounded.
The orc hits you with a +0 short sword. The gnoll barely misses you.
You closely miss the orc.
The orc is severely wounded.
The gnoll misses you. The orc hits you with a +0 short sword.
* * * LOW HITPOINT WARNING * * *
You closely miss the orc.
The orc is severely wounded.
The gnoll shouts!
The gnoll hits you from afar with a +0 spear.
* * * LOW HITPOINT WARNING * * *
The orc hits you with a +0 short sword.
* * * LOW HITPOINT WARNING * * *
You aren't carrying any items that you can evoke.
Unknown command.
Throw: 5 javelins
Press: ? - help, Shift-Dir - straight line, f - gnoll, p - orc
Aim: a gnoll, wielding a +0 halberd (63% to hit)
You throw a javelin. The javelin barely misses the orc.
The javelin pierces through the gnoll!
The gnoll is heavily wounded.
The javelin barely misses the gnoll.
The orc hits you with a +0 short sword.
* * * LOW HITPOINT WARNING * * *
The gnoll hits you from afar with a +0 spear.
* * * LOW HITPOINT WARNING * * *
The orc hits you with a +0 short sword.
* * * LOW HITPOINT WARNING * * *
The gnoll misses you.
Throw: 4 javelins
Press: ? - help, Shift-Dir - straight line, f/p - gnoll
Aim: a gnoll, wielding a +0 halberd (63% to hit)
You throw a javelin. The javelin pierces through the orc.
You kill the orc!
The javelin pierces through the gnoll but does no damage.
The gnoll is heavily wounded.
The javelin closely misses the gnoll.
The gnoll hits you from afar with a +0 spear!
You die...

,, * * ##. , , #.. ,
, ... , , , #.# * *
* , #g# .... , , ,,
#.#g# * ....* , * *
.####.#)# .....
......#@# ..... ,
.......)###......
,*,
*..........#...... ,
, ..........).)....
+ .......#...##....
#.#
#.##.#.......###....
#.# , #.##.#.......#
#.# * #[#
#.##.#######.###.#
#.# * *
#.##.#...........#
#.#


You could see 2 gnolls.

Vanquished Creatures
  2 orc priests (D:3)
  Natasha (thrice) (D:2)
  2 adders
  2 worms
  7 orcs (D:3)
  A ball python (D:1)
  3 bats
  2 endoplasms (D:2)
  A giant cockroach (D:2)
  4 goblins
  A hobgoblin (D:1)
  2 jackals (D:1)
  A quokka (D:1)
  A frilled lizard (D:1)
  5 kobolds
  7 rats
44 creatures vanquished.

Notes
Turn   | Place    | Note
-------+----------+-------------------------------------------
     0 | D:1      | wingedge the Meteoran Earth Elementalist began the quest
                  | for the Orb.
     0 | D:1      | Reached XP level 1. HP: 14/14 MP: 5/5
   124 | D:1      | Reached XP level 2. HP: 22/22 MP: 5/7
   289 | D:1      | Reached skill level 1 in Fighting
   329 | D:1      | Reached skill level 4 in Earth Magic
   417 | D:1      | Reached XP level 3. HP: 28/28 MP: 6/8
   489 | D:1      | Glimpsed the power of Zot.
   580 | D:2      | Noticed Natasha
   583 | D:2      | Killed Natasha
   584 | D:2      | Reached skill level 5 in Earth Magic
   584 | D:2      | Reached XP level 4. HP: 36/36 MP: 6/9
   587 | D:2      | Noticed Natasha
   593 | D:2      | Killed Natasha
   594 | D:2      | Reached XP level 5. HP: 19/41 MP: 8/10
   718 | D:2      | Noticed Natasha
   721 | D:2      | Killed Natasha
   731 | D:2      | Reached skill level 6 in Earth Magic
   735 | D:2      | Learned a level 3 spell: Stone Arrow
  1021 | D:3      | Reached skill level 1 in Conjurations
  1037 | D:3      | Identified the +5 flail "Recris" {vorpal, rC+ Str+3 SInv}
  1176 | D:3      | Reached XP level 6. HP: 48/48 MP: 4/11
  1355 | D:3      | HP: 2/49 [gnoll/+0 spear (3)]
  1356 | D:3      | Mangled by a gnoll

Illustrated notes

Levels and vault maps discovered:
D:1:      saegor_arrival_under_anarchy, layout_loops_corners,
          shapermc_ecumenical_altar_hornbeckon
D:2:      layout_basic, uniq_natasha
D:3:      layout_basic, grunt_temple_overflow_open, minmay_quadrilaterals

Skill      XL: |  1  2  3  4  5  6 |
---------------+-------------------+-----
Spellcasting   | 3 |  3.0
Fighting       | 1 2 |  2.3
Earth Magic    | 4 5 6 |  6.0
Conjurations   | 2 3 |  3.0
Dodging        | |  2.4
Stealth        | |  1.4
Transmutations | |  1.2

Action                   |  1- 3 |  4- 6 || total
-------------------------+-------+-------++-------
Melee: Staff             |       |    14 ||    14
       Punch             |       |     1 ||     1
Throw: Javelin           |       |     2 ||     2
 Cast: Sandblast         |    34 |    15 ||    49
       Stone Arrow       |       |    17 ||    17
Armor: Robe              |       |     4 ||     4
Dodge: Dodged            |     6 |    19 ||    25
